 Dungeon Crawl Stone Soup version 0.27-a0-1312-g5cdb2b3542 (webtiles) character file.

Game seed: 2849823542078264230

150 Gwenloh the Chopper (level 5, -3/43 (45) HPs)
             Began as a Hill Orc Fighter on June 20, 2021.
             Slain by Crazy Yiuf (5 damage)
             ... on level 2 of the Dungeon.
             The game lasted 00:05:41 (2641 turns).

Gwenloh the Chopper (Hill Orc Fighter)              Turns: 2641, Time: 00:05:43

HP:   -3/43 (45)    AC:  9    Str: 19    XL:     5   Next: 32%
MP:   5/5           EV:  7    Int:  8    God:
Gold: 82            SH:  9    Dex: 11    Spells: 4/4 levels left

rFire    . . .     SeeInvis .   a - +0 war axe
rCold    . . .     Faith    .   c - +0 kite shield
rNeg     . . .     Spirit   .   s - +0 scale mail
rPois    .         Reflect  .   (no helmet)
rElec    .         Harm     .   (no cloak)
rCorr    .         Rampage  .   (no gloves)
Will     .....                  w - +1 pair of boots
Stlth    ..........             (no amulet)
HPRegen  0.14/turn              (no ring)
MPRegen  0.09/turn              (no ring)

@: mighty, lethally poisoned (-3 -> -17), slowed, lightly drained, very slow
A: no striking features
a: no special abilities


You were on level 2 of the Dungeon.
You visited 1 branch of the dungeon, and saw 2 of its levels.

You collected 82 gold pieces.

Inventory:

Hand Weapons
 a - a +0 war axe (weapon)
 b - a +0 hunting sling
Missiles
 e - 9 sling bullets
 g - 10 poisoned darts (quivered)
 h - 11 javelins
 k - 6 boomerangs
 p - 35 stones
Armour
 c - a +0 kite shield (worn)
 s - a +0 scale mail (worn)
 w - a +1 pair of boots (worn)
Scrolls
 f - a scroll of enchant armour {unknown}
 i - a scroll of fog {unknown}
 j - a scroll of enchant weapon {unknown}
 m - 2 scrolls of identify {unknown}
 n - a scroll of teleportation {unknown}
 q - a scroll of blinking {unknown}
 r - a scroll of vulnerability {unknown}
Potions
 d - a potion of might
 l - a potion of attraction {unknown}
 t - a potion of cancellation {unknown}
 u - a potion of lignification {unknown}
 v - a potion of invisibility


   Skills:
 - Level 3.6 Fighting
 + Level 7.1 Axes
 - Level 3.2 Armour
 - Level 3.2 Shields


You had 4 spell levels left.
You didn't know any spells.
Your spell library contained the following spells:

 Spells                   Type           Power      Damage    Failure   Level
 Animate Skeleton         Necr           0%         N/A       99%         1
 Apportation              Tloc           0%         N/A       99%         1
 Beastly Appendage        Tmut           0%         N/A       99%         1
 Corona                   Hex            0%         N/A       99%         1
 Freeze                   Ice            0%         1d3       99%         1
 Summon Small Mammal      Summ           0%         N/A       99%         1
 Wereblood                Tmut           0%         N/A       100%        2
 Frozen Ramparts          Ice            0%         1d2       100%        3
 Ozocubu's Armour         Ice            0%         N/A       100%        3
 Spider Form              Tmut/Pois      0%         N/A       100%        3
 Hailstorm                Conj/Ice       0%         3d3       100%        4
 Ice Form                 Ice/Tmut       0%         N/A       100%        4
 Metabolic Englaciation   Hex/Ice        0%         N/A       100%        5


Dungeon Overview and Level Annotations

Branches:
Dungeon (2/15)

Altars:

Annotations:
D:2 Crazy Yiuf


Message History

There is a stone staircase leading up here.
There is a stone staircase leading up here.
There is a stone staircase leading up here.
Crazy Yiuf shouts!
Crazy Yiuf laughs, "Walk Xom meccalolo!"
Fire: 9 sling bullets
Press: ? - help, Q - select action, (/) - cycle Shift-Dir - straight line, f - Crazy Yiuf
Aim: Crazy Yiuf, wielding a +3 quarterstaff of chaos and wearing a +0 cloak (fire blocked by a runed translucent door, 60% to hit)
Okay, then.
Okay, then.
a - a +0 war axe (weapon)
You feel very mighty all of a sudden.
You open the door. You slash Crazy Yiuf!
Crazy Yiuf is severely wounded.
Crazy Yiuf hits you but does no damage.
You feel yourself slow down.
You barely miss Crazy Yiuf.
Crazy Yiuf is severely wounded.
Crazy Yiuf says, "Buddy!"
Crazy Yiuf hits you with a +3 quarterstaff of chaos.
Crazy Yiuf burns you.
Crazy Yiuf says, "Whiteboard poople fast!"
Crazy Yiuf hits you with a +3 quarterstaff of chaos!
You are poisoned.
You barely miss Crazy Yiuf.
Crazy Yiuf is severely wounded.
You feel very sick.
Crazy Yiuf hits you with a +3 quarterstaff of chaos!
You feel drained.
Crazy Yiuf hits you with a +3 quarterstaff of chaos!
* * * LOW HITPOINT WARNING * * *
You are lethally poisoned!
Crazy Yiuf barely misses you.
You closely miss Crazy Yiuf.
Crazy Yiuf is severely wounded.
* * * LOW HITPOINT WARNING * * *
You feel extremely sick. You block Crazy Yiuf's attack.
Crazy Yiuf hits you with a +3 quarterstaff of chaos.
You die...

#.# #..## #.# #<#
#######.#.## #.## #.#
#......###.#####.## #.#
######## #.....÷... #.#
#.÷.....## #.# ##♣♣♣♣♣
#.####### #.####.P.♣.♣♣♣
### #.#
####.......P.♣..♣#...#
#.####
.....#......♣♣♣♣@g...#
#....# ###..##.#..♣♣
♣♣#..)# #.##.#
###..#####♣♣ ### #.##.#
.....# #.##.# ###.##
#.##.# # #.# ########
######)...# ###.#
##...##.#####...#.#####
.##.# #.................#
#.#.###......###.##...###
#######


You could see Crazy Yiuf.

Vanquished Creatures
  Natasha (thrice) (D:2)
  3 adders (D:2)
  2 worms (D:2)
  An endoplasm (D:2)
  A giant cockroach (D:1)
  2 goblins (D:1)
  5 hobgoblins
  10 jackals
  3 kobolds
  A quokka (D:1)
  5 ball pythons
  5 bats
  3 frilled lizards (D:1)
  4 rats
48 creatures vanquished.

Vanquished Creatures (others)
  A fungus (D:2)
1 creature vanquished.

Grand Total: 49 creatures vanquished

Notes
Turn   | Place    | Note
-------+----------+-------------------------------------------
     0 | D:1      | Gwenloh the Hill Orc Fighter began the quest for the Orb.
     0 | D:1      | Reached XP level 1. HP: 19/19 MP: 1/1
   132 | D:1      | Reached skill level 3 in Axes
   234 | D:1      | Reached XP level 2. HP: 24/26 MP: 2/2
   411 | D:1      | Reached skill level 4 in Axes
   772 | D:1      | Reached XP level 3. HP: 31/31 MP: 3/3
  1110 | D:1      | Found a faded altar of an unknown god.
  1308 | D:2      | Reached skill level 5 in Axes
  1732 | D:2      | Reached XP level 4. HP: 39/39 MP: 4/4
  1779 | D:2      | Noticed Natasha
  1787 | D:2      | Killed Natasha
  1788 | D:2      | Reached skill level 6 in Axes
  1966 | D:2      | Noticed Natasha
  1977 | D:2      | Killed Natasha
  2123 | D:2      | Reached XP level 5. HP: 43/45 MP: 5/5
  2148 | D:2      | Noticed Natasha
  2160 | D:2      | Killed Natasha
  2161 | D:2      | Reached skill level 7 in Axes
  2395 | D:2      | Found a runed translucent door.
  2396 | D:2      | Noticed Crazy Yiuf
  2641 | D:2      | HP: 2/43 [poisoned by Crazy Yiuf]
  2641 | D:2      | Slain by Crazy Yiuf

Illustrated notes

Levels and vault maps discovered:
D:1:      dpeg_arrival_castle, layout_basic, basic_ecumenical_altar,
          minmay_misc_feat_ornament, minmay_pentomino_r4
D:2:      layout_loops_ring, minmay_door_square, uniq_natasha,
          uniq_crazy_yiuf_cottage

Skill      XL: |  1  2  3  4  5 |
---------------+----------------+-----
Axes           | 3 4 5 6 7 |  7.1
Fighting       | |  3.6
Armour         | |  3.2
Shields        | |  3.2

Action                   |  1- 3 |  4- 6 || total
-------------------------+-------+-------++-------
Melee: War axe           |    90 |    36 ||   126
 Fire: Hunting sling     |     8 |    45 ||    53
Throw: Dart              |    48 |       ||    48
  Use: Potion            |       |     1 ||     1
Armor: Scale mail        |    46 |    22 ||    68
Dodge: Dodged            |    29 |    10 ||    39
Block: Kite shield       |    33 |    25 ||    58

Table legend: (Time is in decaauts)
 A = Elapsed time spent in this place.
 B = Non-inter-level travel time spent in this place.
 C = Inter-level travel time spent in this place.
 D = Time resting spent in this place.
 E = Time spent auto-exploring this place.
 F = Levels seen in this place.
 G = Mean time per level.
                   A        B        C        D        E       F      G
               +--------+--------+--------+--------+--------+-----+--------+
         Total |   2746 |   2741 |      5 |    142 |   2051 |   2 | 1373.0 |
       Dungeon |   2746 |   2741 |      5 |    142 |   2051 |   2 | 1373.0 |
               +--------+--------+--------+--------+--------+-----+--------+

Top non-repeatable levels by time:
     D:2: 1499 daAuts
     D:1: 1246 daAuts
